 Dungeon Crawl Stone Soup version 0.29.1-2-gbd0b4ee654 (webtiles) character file.

Game seed: 5748298141940233641

88 Raikaria the Sneak (level 4, 0/35 HPs)
             Began as a Djinni Brigand on Nov 10, 2022.
             Slain by a hound (1 damage)
             ... on level 4 of the Dungeon.
             The game lasted 00:04:14 (2561 turns).

Raikaria the Sneak (Djinni Brigand)                 Turns: 2561, Time: 00:04:15

Health: 0/35       AC:  4    Str: 12    XL:     4   Next: 81%
Gold:   72         EV: 12    Int: 13    God:
                   SH:  0    Dex: 14

rFire   + + .      SeeInvis .   a - +2 dagger
rCold   x . .      Faith    .   (no shield)
rNeg    . . .      Spirit   .   p - +0 leather armour
rPois   ∞          Reflect  .   (no helmet)
rElec   .          Harm     .   c - +0 cloak
rCorr   .          Rampage  .   (no gloves)
Will    .....                   (boots unavailable)
Stlth   ++........              (no amulet)
HPRegen 0.11/turn               (no ring)
MPRegen 0.00/turn               (no ring)

@: flying
A: sickness immunity, fire resistance 2, cold vulnerability 1, float, innate
caster, HP casting, extra vitality 1
a: no special abilities


You were on level 4 of the Dungeon.
You visited 1 branch of the dungeon, and saw 4 of its levels.

You collected 72 gold pieces.

Inventory:

Hand Weapons
 a - a +2 dagger (weapon)
Missiles
 d - 9 poisoned darts (quivered)
 e - 3 curare-tipped darts
Armour
 b - a +0 robe
 c - a +0 cloak (worn)
 p - a +0 leather armour (worn)
Jewellery
 h - a ring of protection from cold
Scrolls
 f - 3 scrolls of identify {unknown}
 g - a scroll of fog {unknown}
 j - 2 scrolls of teleportation {unknown}
 m - a scroll of magic mapping {unknown}
 n - a scroll of acquirement {unknown}
 o - a scroll of poison {unknown}
 q - a scroll of enchant armour {unknown}
Potions
 i - a potion of curing {unknown}
 k - a potion of heal wounds {unknown}
 l - a potion of lignification {unknown}


   Skills:
 + Level 3.0 Fighting
 + Level 2.8 Short Blades
 - Level 1.5 Throwing
 + Level 2.7 Dodging
 - Level 3.2 Stealth


You had 2 spell levels left.
You knew the following spells:

 Your Spells              Type           Power      Damage    Failure   Level
a - Necrotise             Necr           0%         1d4       36%         1
Your spell library was empty.

Dungeon Overview and Level Annotations

Branches:
Dungeon (4/15)
 Temple: D:4-7

Altars:
Yredelemnul

Shops:
D:4 *


Innate Abilities, Weirdness & Mutations

You are immune to sickness and miasma.
You are immune to poison.
Your flesh is very heat resistant. (rF++)
You are vulnerable to cold. (rC-)
You float through the air rather than walking.
You learn spells naturally, not from books.
Your magical power is your life essence.
You have superior vitality. (+4 MHP)


Message History

You see here a quokka corpse.
There is a stone staircase leading up here.
You fly upwards.
The bat barely misses you.
There is a stone staircase leading down here.
The bat barely misses you.
You fly downwards.
You hear the hiss of flowing sand.
There is an entrance to an ossuary on this level.
Hurry and find it before the portal is buried!
There is a stone staircase leading up here.
Found a stone staircase leading down.
An orc comes into view. It is wielding a +0 short sword.
The orc shouts!
Found a chain mail.
An orc priest, an orc and a hound come into view.
An orc comes into view. It is wielding a +0 flail.
Found a robe.
Found a stone staircase leading up.
The orc priest shouts!
A hobgoblin comes into view.
You see here a +0 chain mail.
The helpless hobgoblin fails to defend itself.
You puncture the hobgoblin!
You kill the hobgoblin!
The hound misses you. The orc attacks as you move away!
The orc hits you with a +0 short sword. The hound bites you. x2
The orc attacks as you move away! The orc hits you with a +0 short sword.
Found Qonufu's Elemental Accessories.
The hound bites you.
The orc priest mumbles some strange prayers to Beogh against you.
Beogh smites you!
* * * LOW HITPOINT WARNING * * *
The hound attacks as you move away! The hound bites you.
* * * LOW HITPOINT WARNING * * *
The hound bites you.
* * * LOW HITPOINT WARNING * * *
The hound attacks as you move away! The hound closely misses you. x2
The hound misses you. The hound bites you.
* * * LOW HITPOINT WARNING * * *
The hound attacks as you move away! The hound bites you.
You die...

## .#### ## ....###
####.###### ......###
##.......... >.......#
#........... ........#
#........... .....o..#
#........... .....[..##
##..........#
.........###....@......#
........o.##...≈h.....##
......†##..#oo.o....###
.......###...≈.∩.#..#
#...#### ##........##
#### #....§...#
##.......# ##....###
####..#


You could see a hound and 3 orcs.

Vanquished Creatures
  An orc wizard (D:2)
  An adder (D:2)
  A worm (D:2)
  2 dart slugs
  2 orcs
  4 bats
  4 endoplasms
  4 goblins
  5 hobgoblins
  3 quokkas
  8 ball pythons
  3 frilled lizards
  A kobold (D:1)
  4 rats
43 creatures vanquished.

Notes
Turn   | Place    | Note
-------+----------+-------------------------------------------
     0 | D:1      | Raikaria the Djinni Brigand began the quest for the Orb.
     0 | D:1      | Reached XP level 1. HP: 18/18 MP: 0/0
    15 | D:1      | Found a faded altar of an unknown god.
    68 | D:2      | Reached XP level 2. HP: 10/23 MP: 0/0
   966 | D:1      | Reached XP level 3. HP: 29/29 MP: 0/0
   966 | D:1      | Learned a level 1 spell: Necrotise
  1777 | D:2      | Reached XP level 4. HP: 34/34 MP: 0/0
  2497 | D:4      | Found a basalt altar of Yredelemnul.
  2552 | D:4      | Found Qonufu's Elemental Accessories.
  2560 | D:4      | HP: 1/35 [hound (2)]
  2561 | D:4      | Slain by a hound

Illustrated notes

Levels and vault maps discovered:
D:1:      lightli_arrival_flooded_house, layout_loops_corners,
          hellmonk_ecumenical_altar_run_dry, chequers_mini_garden,
          nicolae_titane
D:2:      layout_basic
D:3:      cheibrodos_pilgrimage, layout_basic, overflow_temple_1_default,
          uniq_robin, uniq_jessica, uniq_ijyb
D:4:      layout_cave_pods, kennysheep_mini_moat, ebering_ghost_sewer_f,
          enter_ossuary_4, nicolae_elemental_shop

Skill      XL: |  1  2  3  4 |
---------------+-------------+-----
Short Blades   | 2 |  2.8
Dodging        | 2 |  2.7
Fighting       | 3 |  3.0
Throwing       | |  1.5
Stealth        | |  3.2

Action                   |  1- 3 |  4- 6 || total
-------------------------+-------+-------++-------
Melee: Dagger            |   100 |    47 ||   147
       Punch             |     1 |       ||     1
 Stab: Sleeping          |     8 |     2 ||    10
Armor: Robe              |    19 |     5 ||    24
       Leather armour    |       |     3 ||     3
Dodge: Dodged            |    61 |    20 ||    81
